 Dungeon Crawl Stone Soup version 0.27-a0-1545-g3eddc1d3d3 (webtiles) character file.

Game seed: 13782700661622182864

66 Morbidden the Conjurer (level 3, -1/24 HPs)
             Began as a Demonspawn Conjurer on July 13, 2021.
             Succumbed to Crazy Yiuf's poison
             ... on level 2 of the Dungeon.
             The game lasted 00:03:43 (2674 turns).

Morbidden the Conjurer (Demonspawn Conjurer)        Turns: 2674, Time: 00:03:44

Health: -1/24      AC:  3    Str:  7    XL:     3   Next: 96%
Magic:  0/6        EV: 17    Int: 20    God:
Gold:   123        SH:  0    Dex: 11    Spells: 3/6 levels left

rFire    . . .     SeeInvis .   a - +2 dagger (venom)
rCold    . . .     Faith    .   (no shield)
rNeg     . . .     Spirit   .   f - +0 robe
rPois    .         Reflect  .   (no helmet)
rElec    .         Harm     .   (no cloak)
rCorr    .         Rampage  .   c - +0 pair of gloves
Will     .....                  (no boots)
Stlth    ++........             (no amulet)
HPRegen  0.08/turn              (no ring)
MPRegen  0.10/turn              (no ring)

@: agile, lethally poisoned (-1 -> -19)
A: powered by pain 2
a: no special abilities


You were on level 2 of the Dungeon.
You visited 1 branch of the dungeon, and saw 2 of its levels.

You collected 123 gold pieces.

Inventory:

Hand Weapons
 a - a +2 dagger of venom (weapon)
 h - a +3 dagger
Missiles
 b - 4 boomerangs
Armour
 c - a +0 pair of gloves (worn)
 f - a +0 robe (worn)
Scrolls
 d - a scroll of blinking {unknown}
 e - a scroll of teleportation {unknown}
 g - 2 scrolls of identify {unknown}


   Skills:
 * Level 0.2 Fighting
 * Level 2.4 Dodging
 + Level 1.7 Stealth
 * Level 2.1 Spellcasting
 * Level 5.1 Conjurations


You had 3 spell levels left.
You knew the following spells:

 Your Spells              Type           Power      Damage    Failure   Level
a - Magic Dart            Conj           88%        1d7       1%          1
b - Searing Ray           Conj           44%        3d4       2%          2

Your spell library contained the following spells:

 Spells                   Type           Power      Damage    Failure   Level
 Dazzling Flash           Conj/Hex       24%        N/A       16%         3
 Slow                     Hex            2%         N/A       24%         2
 Confusing Touch          Hex            2%         N/A       43%         3
 Vampiric Draining        Necr           1%         2d6       43%         3
 Fulminant Prism          Conj/Hex       6%         3d7       47%         4
 Iskenderun's Mystic Bla  Conj/Tloc      12%        2d5       47%         4


Dungeon Overview and Level Annotations

Branches:
Dungeon (2/15)

Altars:

Annotations:
D:2 Crazy Yiuf


Innate Abilities, Weirdness & Mutations

You sometimes gain power by taking damage.


Message History

(Press . to maintain the ray.)
The searing ray hits Crazy Yiuf.
Crazy Yiuf is moderately wounded.
Crazy Yiuf says, "Powder!
Gnoll unthinkable blue."
Unknown command.
The searing ray hits Crazy Yiuf!
Crazy Yiuf is severely wounded.
Crazy Yiuf flaps his cloak.
Unknown command.
Unknown command.
The searing ray misses Crazy Yiuf.
You finish channeling your searing ray.
Crazy Yiuf hits you with a +4 quarterstaff of chaos!
Ouch! That really hurt!
* * * LOW HITPOINT WARNING * * *
You focus on the pain.
You feel agile all of a sudden.
You are lethally poisoned!
Unknown command.
Unknown command.
Unknown command.
Unknown command.
* * * LOW HITPOINT WARNING * * *
You feel very sick.
Unknown command.
You aren't carrying any potions.
Unknown command.
Unknown command.
You aren't carrying any potions.
Unknown command.
Okay, then.
Unknown command.
Unknown command.
Casting: Searing Ray (safe; 2% risk of failure)
Confirm with . or Enter, or press ? or * to list all spells.
Aiming: Magic Dart (safe; 1% risk of failure)
Press: ? - help, Shift-Dir - straight line, f/p - Crazy Yiuf
Aim: Crazy Yiuf, wielding a +4 quarterstaff of chaos and wearing a +0 cloak of stealth (severely wounded, 100% to hit)
The magic dart hits Crazy Yiuf.
Crazy Yiuf is almost dead.
You die...

######## ♣♣♣♣♣##
#....<.# ###
♣♣♣.♣...###
##.##...#
#...#♣@.♣......##
........#
#...'g♣♣♣♣......#
##.##...# #)..#♣♣
♣♣..#..#
##......# ###
♣♣##..# .....>.##
#.## ........#
#.# #####...##
##.# ....#....#
#..# ###.#....#
#.##


You could see Crazy Yiuf.

Vanquished Creatures
  2 adders (D:2)
  A worm (D:2)
  5 bats
  2 endoplasms
  9 goblins
  A hobgoblin (D:2)
  A jackal (D:2)
  9 kobolds
  3 quokkas (D:1)
  3 ball pythons
  3 frilled lizards
  4 rats
43 creatures vanquished.

Notes
Turn   | Place    | Note
-------+----------+-------------------------------------------
     0 | D:1      | Morbidden the Demonspawn Conjurer began the quest for the
                  | Orb.
     0 | D:1      | Reached XP level 1. HP: 13/13 MP: 3/3
   267 | D:1      | Gained mutation: You sometimes gain a little power by
                  | taking damage. [demonic ancestry]
   267 | D:1      | Reached XP level 2. HP: 19/19 MP: 3/5
   414 | D:1      | Learned a level 2 spell: Searing Ray
  1550 | D:2      | Gained mutation: You sometimes gain power by taking damage.
                  | [demonic ancestry]
  1550 | D:2      | Reached XP level 3. HP: 24/24 MP: 4/6
  1868 | D:2      | Reached skill level 5 in Conjurations
  2282 | D:2      | Found a faded altar of an unknown god.
  2391 | D:2      | Found a runed translucent door.
  2392 | D:2      | Noticed Crazy Yiuf
  2674 | D:2      | Succumbed to Crazy Yiuf's poison

Illustrated notes

Levels and vault maps discovered:
D:1:      tarquinn_simple_flora_water_c, layout_basic
D:2:      minmay_recursive_quarters, layout_basic,
          dreamdust_ecumenical_altar_hidden_monk_grotto, uniq_crazy_yiuf_cottage

Skill      XL: |  1  2  3 |
---------------+----------+-----
Dodging        | 2 |  2.4
Conjurations   | 5 |  5.1
Fighting       | |  0.2
Stealth        | |  1.7
Spellcasting   | |  2.1

Action                   || total
-------------------------++-------
Melee: Unarmed           ||    42
 Cast: Magic Dart        ||    86
       Searing Ray       ||     4
Armor: Robe              ||    19
Dodge: Dodged            ||    64

Table legend: (Time is in decaauts)
 A = Elapsed time spent in this place.
 B = Non-inter-level travel time spent in this place.
 C = Inter-level travel time spent in this place.
 D = Time resting spent in this place.
 E = Time spent auto-exploring this place.
 F = Levels seen in this place.
 G = Mean time per level.
                   A        B        C        D        E       F      G
               +--------+--------+--------+--------+--------+-----+--------+
         Total |   2672 |   2625 |     47 |    123 |   2163 |   2 | 1336.0 |
       Dungeon |   2672 |   2625 |     47 |    123 |   2163 |   2 | 1336.0 |
               +--------+--------+--------+--------+--------+-----+--------+

Top non-repeatable levels by time:
     D:1: 1508 daAuts
     D:2: 1164 daAuts
